 Dungeon Crawl Stone Soup version 0.29.1-2-gbd0b4ee654 (webtiles) character file.

Game seed: 9645572264161675031

765 qeuew the Schismatic (level 7, -2/55 HPs)
             Began as a Demonspawn Abyssal Knight on Nov 15, 2022.
             Was an Elder of Lugonu.
             Slain by an ogre
             ... wielding a +0 giant club
              (34 damage)
             ... on level 5 of the Dungeon.
             The game lasted 00:04:13 (4038 turns).

qeuew the Schismatic (Demonspawn Abyssal Knight)    Turns: 4038, Time: 00:04:14

Health: -2/55      AC:  6    Str: 19    XL:     7   Next: 52%
Magic:  10/10      EV: 13    Int: 11    God:    Lugonu [****..]
Gold:   278        SH:  0    Dex: 16    Spells: 6/6 levels left

rFire   + . .      SeeInvis .   a - +2 hand axe
rCold   . . .      Faith    .   (no shield)
rNeg    . . .      Spirit   .   b - +0 leather armour
rPois   .          Reflect  .   (no helmet)
rElec   .          Harm     .   j - scarf {repulsion}
rCorr   .          Rampage  .   (no gloves)
Will    .....                   (no boots)
Stlth   +.........              (no amulet)
HPRegen 0.18/turn               c - +6 ring of strength
MPRegen 0.12/turn               g - ring of protection from fire

@: repel missiles
A: claws 1, sharp scales 3
a: Renounce Religion, Depart the Abyss, Bend Space, Banish, Corrupt


You were on level 5 of the Dungeon.
You worshipped Lugonu.
Lugonu was greatly pleased with you.
You visited 1 branch of the dungeon, and saw 5 of its levels.
You visited the Abyss 1 time.

You collected 278 gold pieces.

Inventory:

Hand Weapons
 a - a +2 hand axe (weapon)
Armour
 b - a +0 leather armour (worn)
 j - a scarf of repulsion (worn)
Jewellery
 c - a +6 ring of strength (left claw)
 g - a ring of protection from fire (right claw)
Wands
 i - a wand of paralysis (9)
Scrolls
 d - 5 scrolls of enchant weapon
 e - a scroll of poison {unknown}
 h - a scroll of brand weapon
 k - a scroll of teleportation {unknown}
Potions
 f - a potion of brilliance


   Skills:
 + Level 4.5 Fighting
 + Level 3.6 Axes
 + Level 3.5 Armour
 + Level 3.2 Dodging
 + Level 5.1 Invocations
 + Level 2.4 Evocations


You had 6 spell levels left.
You didn't know any spells.
Your spell library contained the following spells:

 Spells                   Type           Power      Damage    Failure   Level
 Gell's Gravitas          Tloc           0%         N/A       77%         3
 Teleport Other           Tloc           0%         N/A       77%         3
 Tukima's Dance           Hex            0%         N/A       77%         3
 Passage of Golubria      Tloc           0%         N/A       99%         4
 Yara's Violent Unravell  Hex/Tmut       0%         3d3       100%        5
 Dispersal                Tloc           0%         N/A       100%        6
 Malign Gateway           Summ/Tloc      0%         N/A       100%        7
 Summon Horrible Things   Summ           0%         N/A       100%        8


Dungeon Overview and Level Annotations

Branches:
Dungeon (5/15)
 Temple: D:4-7

Altars:
Ashenzari
Dithmenos

Shops:
D:3 :   D:4 (

Annotations:
D:4 1 runed translucent door, kingsuperguy's ghost, amateur HOMo
Abyss:1 Menkaure


Innate Abilities, Weirdness & Mutations

You have sharp fingernails.
You are completely covered in razor-sharp scales. (AC +3, Slay +3)


Message History

You kill the jackal!
Lugonu accepts your kill.
The scorpion stings you but does no damage.
You hit the scorpion.
The scorpion is almost dead.
You hit the ogre. The scorpion closely misses you. The ogre barely misses you.
You barely miss the scorpion.
The scorpion is almost dead.
You closely miss the ogre.
The scorpion stings you but does no damage.
The ogre misses you. The scorpion stings you.
You closely miss the scorpion.
The scorpion is almost dead.
You closely miss the jackal. You hit the ogre. The jackal barely misses you.
The scorpion misses you.
You closely miss the scorpion.
The scorpion is almost dead.
You hit the ogre. You hit the jackal. The jackal bites you.
The ogre hits you with a +0 giant club! The scorpion stings you.
The jackal barely misses you.
You hit the scorpion.
You kill the scorpion!
Lugonu accepts your kill.
You slash the ogre! You hit the jackal.
You kill the jackal!
Lugonu accepts your kill. The ogre closely misses you.
You slash the ogre!
The ogre is almost dead.
The ogre barely misses you.
You barely miss the ogre.
The ogre is almost dead.
You hit the ogre.
The ogre is almost dead.
The ogre misses you.
You closely miss the ogre.
The ogre is almost dead.
The ogre hits you with a +0 giant club!!
Ouch! That really hurt!
You die...

............##.###..........
...........................#
.†..........##.###..........
............##.###........).
............##..#...........
.............##.............
.............##..#..........
.................#...#####.#
#####.........#.@....# .#
##. ...#..O††.### .#
##.......# .........# .
............ ~#
............###
"..##(......# .## ..>.##..#


You could see an ogre.

Vanquished Creatures
  An ice beast (D:5)
  2 phantoms (D:4)
  A scorpion (D:5)
  4 hounds
  2 iguanas (D:5)
  6 adders
  3 gnolls (D:3)
  A white imp (D:5)
  3 worms
  2 dart slugs (D:2)
  An orc (D:4)
  2 endoplasms
  3 giant cockroaches
  13 goblins
  8 hobgoblins
  3 jackals (D:5)
  10 kobolds
  3 quokkas
  3 ball pythons
  3 bats
  2 frilled lizards (D:1)
  6 rats
82 creatures vanquished.

Notes
Turn   | Place    | Note
-------+----------+-------------------------------------------
     0 | Abyss:1  | qeuew the Demonspawn Abyssal Knight began the quest for the
                  | Orb.
     0 | Abyss:1  | Reached XP level 1. HP: 18/18 MP: 2/2
     1 | D:1      | Escaped the Abyss
    52 | D:1      | Reached skill level 1 in Dodging
   397 | D:1      | Gained mutation: You are partially covered in razor-sharp
                  | scales. (AC +1, Slay +1) [demonic ancestry]
   397 | D:1      | Reached XP level 2. HP: 21/23 MP: 4/4
  1180 | D:2      | Reached *** piety under Lugonu
  1183 | D:2      | Reached skill level 3 in Invocations
  1183 | D:2      | Gained mutation: You are mostly covered in razor-sharp
                  | scales. (AC +2, Slay +2) [demonic ancestry]
  1183 | D:2      | Reached XP level 3. HP: 27/29 MP: 5/5
  1575 | D:2      | Found a faded altar of an unknown god.
  1671 | D:2      | Gained mutation: You have sharp fingernails. [demonic
                  | ancestry]
  1671 | D:2      | Reached XP level 4. HP: 34/35 MP: 6/6
  1796 | D:3      | HP: 1/35 [gnoll/+0 spear (5)]
  1801 | D:3      | HP: 1/35 [gnoll/+0 spear (4)]
  2372 | D:3      | Found Jebbuos's Book Boutique.
  2738 | D:3      | Reached **** piety under Lugonu
  2871 | D:4      | Gained mutation: You are completely covered in razor-sharp
                  | scales. (AC +3, Slay +3) [demonic ancestry]
  2871 | D:4      | Reached XP level 5. HP: 32/42 MP: 7/7
  2877 | D:4      | Noticed a phantom
  2886 | D:4      | Killed a phantom
  2887 | D:4      | Reached skill level 4 in Invocations
  2887 | D:4      | Reached skill level 1 in Evocations
  2975 | D:4      | Found a broken altar of Ashenzari.
  2976 | D:4      | Found a shadowy altar of Dithmenos.
  3018 | D:4      | Noticed a phantom
  3024 | D:4      | Reached XP level 6. HP: 48/48 MP: 9/9
  3250 | D:4      | Found Xeat's Weapon Shop.
  3415 | D:4      | Found a runed translucent door.
  3415 | D:4      | Noticed kingsuperguy's ghost (amateur HOMo)
  3544 | D:5      | Entered Level 5 of the Dungeon
  3705 | D:5      | Noticed Menkaure
  3707 | D:5      | Banished Menkaure
  3762 | D:5      | Reached XP level 7. HP: 44/54 MP: 10/10
  3926 | D:5      | Reached skill level 5 in Invocations
  4038 | D:5      | Slain by an ogre

Illustrated notes

Levels and vault maps discovered:
D:1:      dpeg_arrival_long_road, layout_loops_ring,
          minmay_misc_feat_secret_circle, minmay_hexomino_u4
D:2:      layout_basic, ebering_ecumenical_altar_webs
D:3:      kennysheep_the_goblin_king, layout_basic, serial_shops,
          nicolae_shop_competitors_out_of_business, nrook_loot_triangle
D:4:      layout_cave_pools, cheibrodos_ashenzari_chains,
          grunt_dithmenos_smoke_and_mirrors, ebering_ghost_inner_flame,
          serial_shops, nicolae_shop_crystal
D:5:      layout_rooms, temple_doors_cd, serial_bayou_pond_e, uniq_duvessa,
          uniq_menkaure

Skill      XL: |  1  2  3  4  5  6  7 |
---------------+----------------------+-----
Dodging        | 1 2 3 |  3.2
Axes           | 2 3 |  3.6
Armour         | 2 3 |  3.5
Invocations    | 3 4 5 |  5.1
Evocations     | 1 2 |  2.4
Fighting       | 4 |  4.5

Action                   |  1- 3 |  4- 6 |  7- 9 || total
-------------------------+-------+-------+-------++-------
Melee: Hand axe          |   111 |   108 |    32 ||   251
       Punch             |     3 |     1 |       ||     4
Invok: Banish            |       |     1 |       ||     1
  Use: Scroll            |     4 |     5 |       ||     9
       Potion            |       |     3 |       ||     3
 Stab: Sleeping          |       |     1 |       ||     1
Armor: Leather armour    |    34 |    46 |     9 ||    89
Dodge: Dodged            |    85 |    99 |    25 ||   209
